 Dungeon Crawl Stone Soup version 0.30-a0-297-g0ec75d9ef4 (webtiles) character file.

Game seed: 3925277714831393888

174259 meatgazer the Messiah (level 17, -3/162 HPs)
             Began as a Hill Orc Monk on Oct 5, 2022.
             Was the Champion of Beogh.
             Shot with a bolt by a naga sharpshooter (14 damage)
             ... led by Vashnia
             ... on level 3 of the Snake Pit on Oct 19, 2022.
             The game lasted 01:49:12 (46244 turns).

meatgazer the Messiah (Hill Orc Monk)              Turns: 46244, Time: 01:49:12

Health: -3/162     AC: 18    Str: 24    XL:     17   Next: 78%
Magic:  10/10      EV: 18    Int: 10    God:    Beogh [******]
Gold:   1212       SH:  0    Dex: 23    Spells: 28/28 levels left

rFire   . . .      SeeInvis +    b - +8 Wrath of Trog {antimagic, *Rage Rampage}
rCold   + + +      Faith    .    (shield currently unavailable)
rNeg    . . .      Spirit   .    S - +4 skin of Zhor {*Englaciate rC+++ SInv}
rPois   +          Reflect  +    q - +0 hat
rElec   .          Harm     .    v - +0 cloak
rCorr   .          Rampage  +    o - +2 pair of gloves
Will    +....      Rage     50%  E - +2 pair of boots
Stlth   +.........               P - amulet of reflection
HPRegen 0.47/turn                d - +6 ring of dexterity
MPRegen 0.12/turn                x - +6 ring of strength

@: confused, mighty, ambrosia-drunk, on berserk cooldown, slowed, very slow
A: walk on water, horns 1, iridescent scales 1, poison resistance
}: 1/15 runes: barnacled
a: Renounce Religion, Smiting, Recall Orcish Followers, Give Item to Named
Follower, Resurrection


You were on level 3 of the Snake Pit.
You worshipped Beogh.
Beogh was exalted by your worship.
You visited 5 branches of the dungeon, and saw 29 of its levels.
You also visited: Ossuary, Bailey, Ice Cave and Volcano.

You collected 3818 gold pieces.
You spent 2606 gold pieces at shops.

Inventory:

Hand Weapons
 b - the +8 Wrath of Trog (weapon) {antimagic, *Rage Rampage}
   (You acquired it on level 5 of the Dungeon)

   It reduces the magical energy of the wielder, and disrupts the spells and
   magical abilities of those it strikes.
   Natural abilities and divine invocations are not affected.
   It causes slowness and exhaustion when equipped.
   It extends the wielder's berserk rage when killing foes.
   *Rage:     It berserks you when you make melee attacks (+50% chance).
   Rampage:   It bestows one free step when moving towards enemies.
 p - the +5 morningstar "Piwk" {holy, MP+9 Dex+2}
   (You bought it in a shop on level 2 of the Orcish Mines)

   It has been blessed by the Shining One to cause great damage to the undead
   and demons.
   Dex:       It affects your dexterity (+2).
   MP:        It affects your magic capacity (+9).
 F - the +1 mace of Tunuatzu {freeze, rC+}
   (You bought it in a shop on level 2 of the Orcish Mines)

   It freezes those it strikes, dealing additional cold damage.
   It can also slow down cold-blooded creatures.
   rC:        It protects you from cold.
Missiles
 N - 3 throwing nets (quivered)
Armour
 o - a +2 pair of gloves (worn)
 q - a +0 hat (worn)
 v - a +0 cloak (worn)
 E - a +2 pair of boots (worn)
 M - the +4 chain mail of Xom's Hatred {+Inv rCorr Str+4 Stlth-}
   (You found it on level 2 of the Shoals)

   Str:       It affects your strength (+4).
   +Inv:      It lets you turn invisible.
   rCorr:     It protects you from acid and corrosion.
   Stlth:     It makes you less stealthy.
 S - the +4 skin of Zhor (worn) {*Englaciate rC+++ SInv}
   (You took it off a centaur warrior on level 2 of the Shoals)

   It radiates cold, occasionally slowing all nearby creatures who are not
   resistant to cold.
   rC:        It renders you almost immune to cold.
   SInv:      It lets you see invisible.
 V - the +1 ring mail of Itaka {rPois Dex+3}
   (You found it on level 2 of the Snake Pit)

   Dex:       It affects your dexterity (+3).
   rPois:     It protects you from poison.
Jewellery
 d - a +6 ring of dexterity (left hand)
 x - a +6 ring of strength (right hand)
 y - a ring of flight
 P - an amulet of reflection (around neck)
 Q - a ring of wizardry
Wands
 j - a wand of mindburst (17)
 s - a wand of digging (11)
 B - a wand of flame (17)
 K - a wand of charming (13)
 L - a wand of iceblast (5)
 O - a wand of light (3)
 T - a wand of polymorph (13)
Scrolls
 e - 8 scrolls of fear
 f - 8 scrolls of teleportation
 g - 9 scrolls of blinking
 h - 2 scrolls of amnesia
 m - 5 scrolls of silence
 u - 4 scrolls of poison
 w - 3 scrolls of magic mapping
 D - 6 scrolls of identify
 G - 5 scrolls of butterflies
 H - a scroll of summoning
 U - a scroll of brand weapon
Potions
 a - 2 potions of mutation
 c - a potion of ambrosia
 i - 8 potions of haste
 k - 14 potions of curing
 l - 4 potions of magic
 n - 13 potions of brilliance
 r - 5 potions of flight
 t - 5 potions of invisibility
 z - a potion of cancellation
 A - 4 potions of lignification
 C - 6 potions of attraction
 I - 3 potions of might
 J - 3 potions of resistance
Miscellaneous
 R - a condenser vane


   Skills:
 + Level 17.6 Fighting
 + Level 19.1 Axes
 + Level 15.4 Armour
 + Level 8.0 Dodging
 - Level 1.5 Stealth
 - Level 6.1 Spellcasting
 + Level 19.1 Invocations
 + Level 5.9 Evocations


You had 28 spell levels left.
You didn't know any spells.
Your spell library contained the following spells:

 Spells                   Type           Power      Damage    Failure   Level
 Beastly Appendage        Tmut           6%         N/A       21%         1
 Foxfire                  Conj/Fire      12%        2x1d4     21%         1
 Freeze                   Ice            12%        1d3       21%         1
 Magic Dart               Conj           12%        1d3       21%         1
 Call Imp                 Summ           3%         N/A       30%         2
 Cigotuvi's Dreadful Rot  Necr/Pois/Air  6%         N/A       30%         2
 Ensorcelled Hibernation  Hex/Ice        6%         N/A       30%         2
 Poisonous Vapours        Pois/Air       6%         N/A       30%         2
 Scorch                   Fire           6%         2d5       30%         2
 Sublimation of Blood     Necr           3%         N/A       30%         2
 Wereblood                Tmut           3%         N/A       30%         2
 Call Canine Familiar     Summ           3%         N/A       52%         3
 Dazzling Flash           Conj/Hex       6%         N/A       52%         3
 Gell's Gravitas          Tloc           3%         N/A       52%         3
 Hailstorm                Conj/Ice       3%         3d3       52%         3
 Ignite Poison            Fire/Tmut/Pois 3%         N/A       52%         3
 Inner Flame              Hex/Fire       3%         N/A       52%         3
 Kindle Blastsparks       Fire/Tloc/Air  6%         2d10      52%         3
 Lesser Beckoning         Tloc           6%         N/A       52%         3
 Mephitic Cloud           Conj/Pois/Air  3%         N/A       52%         3
 Ozocubu's Armour         Ice            3%         N/A       52%         3
 Portal Projectile        Hex/Tloc       6%         N/A       52%         3
 Spider Form              Tmut/Pois      3%         N/A       52%         3
 Stone Arrow              Conj/Erth      6%         3d7       52%         3
 Summon Guardian Golem    Hex/Summ       3%         N/A       52%         3
 Teleport Other           Tloc           3%         N/A       52%         3
 Animate Dead             Necr           3%         N/A       90%         4
 Dispel Undead            Necr           3%         3d7       90%         4
 Flame Wave               Conj/Fire      3%         2d5       90%         4
 Fulminant Prism          Conj/Hex       1%         3d6       90%         4
 Ice Form                 Ice/Tmut       3%         N/A       90%         4
 Iskenderun's Mystic Bla  Conj/Tloc      3%         2d3       90%         4
 Leda's Liquefaction      Hex/Erth       1%         N/A       90%         4
 Olgreb's Toxic Radiance  Pois           3%         N/A       90%         4
 Passage of Golubria      Tloc           3%         N/A       90%         4
 Summon Ice Beast         Ice/Summ       3%         N/A       90%         4
 Alistair's Intoxication  Tmut/Pois      2%         N/A       99%         5
 Borgnjor's Vile Clutch   Necr/Erth      1%         N/A       99%         5
 Fireball                 Conj/Fire      1%         3d3       99%         5
 Freezing Cloud           Conj/Ice/Air   1%         6-21      99%         5
 Lee's Rapid Deconstruct  Erth           1%         3d4*      99%         5
 Metabolic Englaciation   Hex/Ice        1%         N/A       99%         5
 Silence                  Hex/Air        1%         N/A       99%         5
 Summon Mana Viper        Hex/Summ       3%         N/A       99%         5
 Dispersal                Tloc           1%         N/A       100%        6
 Simulacrum               Ice/Necr       1%         N/A       100%        6
 Starburst                Conj/Fire      1%         6d3       100%        6
 Statue Form              Tmut/Erth      2%         N/A       100%        6
 Summon Cactus Giant      Summ           1%         N/A       100%        6
 Enfeeble                 Hex            1%         N/A       100%        7
 Monstrous Menagerie      Summ           1%         N/A       100%        7
 Orb of Destruction       Conj           1%         9d5       100%        7
 Spellforged Servitor     Conj/Summ      1%         N/A       100%        7
 Lehudib's Crystal Spear  Conj/Erth      1%         10d2      100%        8
 Fire Storm               Conj/Fire      1%         8d1       100%        9
 Polar Vortex             Ice            1%         N/A       100%        9


Dungeon Overview and Level Annotations

Branches:
Dungeon (15/15)            Temple (0/1) D:5            Lair (5/5) D:10
 Shoals (4/4) Lair:2        Snake (3/4) Lair:2        Slime (0/5) Lair:5
    Orc (2/2) D:12            Elf (0/3) Orc:2        Vaults (0/5) D:14
 Depths (0/4) D:15        Ossuary (visited)          Bailey (visited)
  IceCv (visited)         Volcano (visited)

Altars:
Fedhas
Gozag
Hepliaklqana
Kikubaaqudgha
Ru
Wu Jian
Zin

Shops:
D:4 =   D:9 [   Orc:2 [(*=   Shoals:3 [   Shoals:4 ?   Snake:2 [((=

Annotations:
D:4 3 runed translucent doors, themarg's ghost, amateur TrFi
Snake:1 3 runed translucent doors, Darkkill's ghost, journeyman HuHu


Innate Abilities, Weirdness & Mutations

You can walk on water.
You have a pair of small horns on your head.
You are partially covered in iridescent scales. (AC +2)
Your system is resistant to poisons. (rPois)


Message History

You kill Vashnia!
Beogh accepts your kill.
You radiate an aura of cold.
The naga sharpshooter seems to slow down. x2
Wargrak resists.
Orkwin resists.
Wargrak shoots a bolt.
The bolt hits the naga sharpshooter!
The naga sharpshooter shoots an arrow.
The arrow hits you!
* * * LOW HITPOINT WARNING * * *
The naga sharpshooter mumbles some strange words.
The naga sharpshooter magically shoots a bolt.
The bolt hits you!!
* * * LOW HITPOINT WARNING * * *
Your life force feels restored.
Okay, then.
You are confused.
You feel invigorated.
You radiate an aura of cold.
The naga sharpshooter seems to slow down. x2
Orkwin seems to slow down.
Wargrak seems to slow down.
Orkwin is no longer moving slowly.
Wargrak shoots a bolt.
The bolt completely misses the naga sharpshooter.
The naga sharpshooter shoots an arrow.
The arrow hits you.
* * * LOW HITPOINT WARNING * * *
The naga sharpshooter shoots a bolt.
The bolt hits you.
* * * LOW HITPOINT WARNING * * *
You radiate an aura of cold.
The naga sharpshooter seems to slow down.
Orkwin resists.
The naga sharpshooter seems to slow down.
Wargrak resists.
The naga sharpshooter shoots an arrow.
The arrow closely misses you.
Orkwin unwields a +0 arbalest.
Orkwin barely misses the naga sharpshooter.
The naga sharpshooter shoots a bolt.
The bolt hits you!
* * * LOW HITPOINT WARNING * * *
Found 3 stones.
The naga sharpshooter shoots an arrow.
The arrow hits you.
* * * LOW HITPOINT WARNING * * *
Orkwin hits the naga sharpshooter!!!
The naga sharpshooter shoots a bolt.
The bolt hits you!
You die...

##..( ##.......
##........
##.........
#.........
##.......##########
#..................
##.@.)....N.........
##[N.......o.........
#....................
#....................
#...............oo...
###)...........).....
###................
##.........##....
##.........##...


You could see 2 naga sharpshooters and the friendly Orkwin the orc warlord
(strong).

Vanquished Creatures
  Mara (Snake:3)
  Vashnia (Snake:3)
  Polyphemus (Shoals:3)
  A kraken (Shoals:4)
  4 merfolk javelineers (Shoals:4)
  A fire dragon (Lair:5)
  5 merfolk impalers
  Josephine (D:14)
  Erolcha (D:12)
  2 ice dragons (D:15)
  A hydra (Lair:5)
  8 merfolk avatars
  5 anacondas
  2 catoblepae
  3 merfolk aquamancers
  2 satyrs (Shoals:3)
  A dancing weapon (D:14)
  5 centaur warriors
  4 two-headed ogres
  A naga sharpshooter (Snake:3)
  2 naga warriors
  5 death yaks
  2 shock serpents
  2 tengu warriors (D:14)
  A sun demon (Volcano)
  A salamander mystic (Snake:2)
  2 skeletal warriors (D:13)
  4 naga ritualists
  7 sea snakes
  2 bog bodies (IceCv)
  A lindwurm (Lair:3)
  A necromancer (Lair:3)
  2 orc knights
  6 mana vipers
  14 harpies
  A moth of wrath (D:11)
  3 salamanders (Snake:2)
  9 manticores
  13 fauns
  An ugly thing (D:13)
  2 elephants (Lair:5)
  7 merfolk sirens
  6 naga magi
  10 black mambas
  9 water nymphs
  A guardian serpent (Snake:2)
  An orange demon (D:10)
  2 gargoyles
  3 molten gargoyles
  An ice statue (IceCv)
  8 cane toads
  2 unseen horrors
  Maggie (D:10)
  A rime drake (shapeshifter) (D:15)
  An efreet (D:14)
  4 rime drakes
  An ice devil (IceCv)
  An anaconda simulacrum (IceCv)
  A red devil (Volcano)
  5 komodo dragons
  2 trolls
  14 merfolk
  A polar bear (Lair:5)
  3 hornets
  6 wind drakes
  11 blink frogs
  6 snapping turtles
  A centaur simulacrum (D:14)
  5 wraiths (D:14)
  A dire elephant simulacrum (IceCv)
  9 water elementals
  A vampire (D:13)
  3 wyverns
  A wyvern (shapeshifter) (D:13)
  A basilisk (Lair:5)
  5 fire bats
  3 hogs (D:13)
  The ghost of porpoise the Poker, an amateur DsGl (D:3)
  38 yaks
  A death yak simulacrum (IceCv)
  A steam dragon (Lair:5)
  5 vampire mosquitoes
  4 orc wizards
  2 wargs (Orc:2)
  4 acid dragons
  18 nagas
  7 water moccasins
  6 hell hounds
  3 elephant zombies (Lair:3)
  4 hydra simulacra (IceCv)
  6 orc warriors
  An ice beast (D:8)
  A black bear (shapeshifter) (D:13)
  2 sky beasts
  2 black bears (D:5)
  6 ogres
  5 boggarts
  16 centaurs
  5 wolves (Lair:3)
  A komodo dragon zombie (Lair:3)
  5 necrophages (Lair:2)
  2 elf zombies (Ossuary)
  3 gnoll sergeants (D:7)
  5 bullfrogs
  7 two-headed ogre simulacra (IceCv)
  5 scorpions
  5 cane toad simulacra (IceCv)
  4 wights (D:7)
  4 killer bees (D:11)
  An electric eel (Lair:3)
  2 howler monkeys (D:7)
  9 lava snakes
  5 hounds
  A basilisk zombie (Lair:3)
  3 gnoll boudas
  A jelly (D:5)
  3 orc priests
  3 iguanas
  2 hell rats (Lair:3)
  3 polar bear simulacra (IceCv)
  3 spriggan simulacra (IceCv)
  6 troll simulacra (IceCv)
  2 wolf simulacra (IceCv)
  3 mummies (Ossuary)
  27 gnolls
  8 adders
  7 naga simulacra (IceCv)
  A shadow imp (D:6)
  15 white imps
  2 ufetubi (IceCv)
  3 adder zombies (Ossuary)
  4 dart slugs
  17 orcs
  3 ball pythons
  5 bats
  4 endoplasms
  A giant cockroach (D:1)
  2 gnoll zombies (Ossuary)
  13 goblins
  6 hobgoblins
  6 jackals (D:2)
  3 quokkas
  5 frilled lizards
  A goblin zombie (Ossuary)
  2 hobgoblin zombies (Ossuary)
  5 kobolds
  A kobold zombie (Ossuary)
  An orc zombie (Ossuary)
  3 quokka zombies (Ossuary)
  4 rats
  3 rat zombies (Ossuary)
  2 bushes (D:7)
649 creatures vanquished.

Vanquished Creatures (collateral kills)
  Rupert (Orc:2)
  Gastronok (Lair:1)
  A kraken (Shoals:1)
  Kirke (D:13)
  Donald (Shoals:3)
  Ilsuiw (Shoals:3)
  Aizul (Snake:3)
  A merfolk javelineer (Shoals:2)
  2 merfolk impalers (Shoals:1)
  6 hydras
  Fannar (D:10)
  A catoblepas (Lair:1)
  A centaur warrior (D:13)
  2 merfolk aquamancers (Shoals:2)
  A merfolk avatar (Shoals:3)
  A two-headed ogre (D:12)
  2 anacondas
  The ghost of Tidum the Cleaver, a journeyman GrTm of Ignis (D:11)
  A dancing weapon (D:14)
  A naga warrior (Snake:2)
  A death yak (Lair:4)
  3 naga sharpshooters
  2 shock serpents
  Sonja (D:10)
  2 skeletal warriors (D:13)
  Amaemon (D:10)
  3 sea snakes
  2 lindwurms
  2 orc knights (Orc:2)
  4 fauns
  A deep elf pyromancer (D:14)
  2 harpies
  A mana viper (Snake:1)
  A cyclops (D:13)
  2 oklob plants
  12 manticores
  2 ugly things
  3 merfolk sirens (Shoals:1)
  11 elephants
  Maurice (D:10)
  3 molten gargoyles
  4 naga magi (Snake:1)
  A torpor snail (Lair:4)
  10 black mambas
  5 cane toads
  3 rime drakes
  A tengu conjurer (D:13)
  5 komodo dragons
  13 merfolk
  3 wind drakes
  4 trolls
  A polar bear (Lair:5)
  8 blink frogs
  5 snapping turtles
  A water elemental (Shoals:2)
  3 wyverns
  A wraith (D:14)
  26 yaks
  A fire bat (Lair:3)
  4 hogs (D:13)
  2 vampire mosquitoes
  6 basilisks
  A steam dragon (Lair:5)
  10 nagas
  8 water moccasins
  3 hell hounds (Lair:5)
  4 orc warriors
  A black bear (D:10)
  4 ogres
  2 boggarts (D:14)
  5 centaurs
  5 bullfrogs
  A necrophage (Lair:2)
  A gnoll sergeant (D:10)
  6 killer bees (D:11)
  2 electric eels (Lair:3)
  7 lava snakes
  2 orc priests
  A gnoll bouda (D:7)
  An iguana (D:6)
  7 orc wizards
  2 hell rats (Lair:3)
  11 gnolls
  27 orcs
  A ball python (D:3)
307 creatures vanquished.

Vanquished Creatures (others)
  2 orc warlords
  2 orc high priests
  3 orc sorcerers
  7 orc knights
  13 orc priests
  5 orc wizards
  23 orc warriors
  58 orcs
  134 fungi
  159 plants
  18 tentacles
424 creatures vanquished.

Grand Total: 1380 creatures vanquished

Notes
Turn   | Place    | Note
-------+----------+-------------------------------------------
     0 | D:1      | meatgazer the Hill Orc Monk began the quest for the Orb.
     0 | D:1      | Reached XP level 1. HP: 19/19 MP: 1/1
   134 | D:1      | Reached XP level 2. HP: 26/27 MP: 2/2
   801 | D:2      | Reached XP level 3. HP: 24/34 MP: 3/3
   841 | D:2      | Identified a scroll of acquirement
   841 | D:2      | Acquired 303 gold pieces
   924 | D:2      | Reached skill level 5 in Axes
  1433 | D:2      | Found a faded altar of an unknown god.
  1440 | D:2      | Reached XP level 4. HP: 38/41 MP: 4/4
  2067 | D:3      | Reached skill level 5 in Fighting
  2165 | D:3      | Became a worshipper of Beogh the Brigand
  2165 | D:3      | Reached * piety under Beogh
  2165 | D:3      | Reached ** piety under Beogh
  2230 | D:3      | Found a transporter.
  2233 | D:3      | Found a transporter.
  2233 | D:3      | Noticed porpoise's ghost (amateur DsGl)
  2594 | D:4      | Found Ymunao's Jewellery Shop.
  2603 | D:4      | Found a sand-covered staircase.
  2608 | Ossuary  | Entered an ossuary
  2615 | Ossuary  | Reached XP level 5. HP: 21/48 MP: 5/5
  2925 | Ossuary  | Reached XP level 6. HP: 57/57 MP: 5/7
  3617 | D:4      | Found a runed translucent gate.
  3617 | D:4      | Found a runed translucent gate.
  3618 | D:4      | Found a runed translucent gate.
  3619 | D:4      | Noticed themarg's ghost (amateur TrFi)
  4002 | D:5      | Entered Level 5 of the Dungeon
  4019 | D:5      | Reached skill level 1 in Armour
  4019 | D:5      | Reached XP level 7. HP: 37/63 MP: 8/10
  4543 | D:5      | Reached skill level 5 in Invocations
  4758 | D:5      | Reached XP level 8. HP: 71/71 MP: 12/12
  4799 | D:5      | Acquired the +8 Wrath of Trog {antimagic, *Rage Rampage}
  4799 | D:5      | Found the +8 Wrath of Trog {antimagic, *Rage Rampage}
  5054 | D:5      | Found a staircase to the Ecumenical Temple.
  5670 | D:6      | Reached *** piety under Beogh
  6062 | D:6      | Noticed a hornet
  6066 | D:6      | Killed a hornet
  6067 | D:6      | Reached XP level 9. HP: 81/81 MP: 5/15
  6779 | D:7      | Found a blossoming altar of Fedhas.
  6780 | D:7      | Found a hazy altar of Hepliaklqana.
  6812 | D:7      | Found an ornate altar of the Wu Jian Council.
  6853 | D:7      | Reached **** piety under Beogh
  6854 | D:7      | Reached skill level 5 in Armour
  6871 | D:7      | Gained Wargrak as an ally
  7890 | D:3      | Killed porpoise's ghost
  8048 | D:8      | Found a sacrificial altar of Ru.
  8186 | D:8      | Noticed a hornet
  8189 | D:8      | Paralysed by a hornet for 1 turns
  8193 | D:8      | Killed a hornet
  8803 | D:8      | Reached skill level 10 in Axes
  8803 | D:8      | Reached skill level 10 in Invocations
  8803 | D:8      | Reached XP level 10. HP: 91/91 MP: 5/17
  9903 | D:9      | Found Qifuboj's Superior Scales.
  9908 | D:9      | Bought the +1 scale mail "Hosto" {rElec rCorr Str+5} for
                  | 586 gold pieces
  9929 | D:9      | Found a flagged portal.
  9931 | D:9      | Reached ***** piety under Beogh
  9971 | Bailey   | Entered a bailey
 10455 | Bailey   | Noticed an orc knight
 10730 | D:9      | Gained mutation: Your magical capacity is low. (-10% MP)
                  | [potion of mutation]
 10731 | D:9      | Lost mutation: Your magical capacity is low. (-10% MP)
                  | [potion of mutation]
 10731 | D:9      | Gained mutation: You do not regenerate when monsters are
                  | visible. [potion of mutation]
 10731 | D:9      | Gained mutation: You are robust. (+10% HP) [potion of
                  | mutation]
 10732 | D:9      | Lost mutation: You do not regenerate when monsters are
                  | visible. [potion of mutation]
 10732 | D:9      | Lost mutation: You are robust. (+10% HP) [potion of
                  | mutation]
 10732 | D:9      | Gained mutation: You sometimes lose your temper in combat.
                  | [potion of mutation]
 10733 | D:9      | Lost mutation: You sometimes lose your temper in combat.
                  | [potion of mutation]
 10733 | D:9      | Gained mutation: You have a pair of small horns on your
                  | head. [potion of mutation]
 10733 | D:9      | Gained mutation: You are partially covered in iridescent
                  | scales. (AC +2) [potion of mutation]
 10733 | D:9      | Gained mutation: Your system is resistant to poisons.
                  | (rPois) [potion of mutation]
 10874 | D:9      | Noticed a two-headed ogre
 10878 | D:9      | Killed a two-headed ogre
 11015 | D:9      | Reached skill level 10 in Fighting
 11380 | D:10     | Entered Level 10 of the Dungeon
 11380 | D:10     | Noticed Amaemon
 11380 | D:10     | Noticed an orange demon
 11533 | D:10     | Killed an orange demon
 11534 | D:10     | Killed Amaemon
 11623 | D:10     | Noticed a gargoyle
 11626 | D:10     | Killed a gargoyle
 11630 | D:10     | Reached XP level 11. HP: 101/101 MP: 6/19
 11660 | D:10     | Noticed Maurice
 11676 | D:10     | Found a staircase to the Lair.
 11691 | D:10     | Killed Maurice
 11757 | D:10     | Noticed a two-headed ogre
 11760 | D:10     | Killed a two-headed ogre
 11864 | D:10     | Noticed Maggie
 11868 | D:10     | Killed Maggie
 12533 | Lair:1   | Entered Level 1 of the Lair of Beasts
 12653 | Lair:1   | Noticed a seven-headed hydra
 12656 | Lair:1   | Killed a seven-headed hydra
 12671 | Lair:1   | Reached skill level 1 in Spellcasting
 12935 | Lair:1   | Gained Herok as an ally
 12936 | Lair:1   | Gained Jorge as an ally
 12944 | Lair:1   | Noticed Gastronok
 12955 | Lair:1   | Killed Gastronok
 13300 | Lair:1   | Noticed a catoblepas
 13306 | Lair:1   | Killed a catoblepas
 13307 | Lair:1   | Reached XP level 12. HP: 111/111 MP: 7/21
 15439 | Lair:2   | Found a staircase to the Snake Pit.
 15623 | Lair:2   | Noticed a four-headed hydra
 15630 | Lair:2   | Killed a seven-headed hydra
 15985 | Lair:2   | Found a staircase to the Shoals.
 16351 | Lair:3   | Reached skill level 10 in Armour
 16375 | Lair:3   | Found a dark tunnel.
 16511 | Volcano  | Entered a volcano
 16744 | Volcano  | Gained Beowulf as an ally
 16822 | Volcano  | Found a burning altar of Makhleb.
 16822 | Volcano  | Noticed a sun demon
 16825 | Volcano  | Killed a sun demon
 16828 | Volcano  | Reached ****** piety under Beogh
 16999 | Lair:3   | Reached XP level 13. HP: 100/119 MP: 7/23
 17114 | Lair:3   | Your ally Beowulf died
 17134 | Lair:3   | Your ally Herok died
 17145 | Lair:3   | Gained Hawl as an ally
 18665 | Lair:4   | Reached skill level 5 in Spellcasting
 18783 | Lair:4   | Found the +8 demon blade "Leech" {vamp, Harm Drain rN+}
 19749 | Lair:5   | Entered Level 5 of the Lair of Beasts
 20148 | Lair:5   | Reached skill level 15 in Invocations
 20158 | Lair:5   | Reached skill level 15 in Axes
 20176 | Lair:5   | Found a large runed translucent door.
 20177 | Lair:5   | Found a large runed translucent door.
 20178 | Lair:5   | Noticed a fire dragon
 20739 | Lair:5   | Reached XP level 14. HP: 132/132 MP: 8/25
 21201 | Lair:5   | Found a staircase to the Slime Pits.
 22485 | D:10     | Noticed Sonja
 22495 | D:10     | Killed Sonja
 22599 | D:10     | Noticed Fannar
 22603 | D:10     | Killed Fannar
 22666 | D:11     | You fall into a shaft and drop 1 floor!
 22709 | D:12     | Noticed Erolcha
 22713 | D:12     | Killed Erolcha
 23269 | D:11     | Noticed Tidum's ghost (journeyman GrTm)
 23291 | D:11     | Found a transporter.
 23298 | D:11     | Found a transporter.
 23309 | D:11     | Killed Tidum's ghost
 24172 | D:11     | Found an ancient bone altar of Kikubaaqudgha.
 24387 | D:11     | Upgraded the game from 0.30-a0-218-gedb9141078 to
                  | 0.30-a0-250-g41c1d76940
 25216 | D:12     | Found a staircase to the Orcish Mines.
 25956 | D:12     | Found a glowing silver altar of Zin.
 26045 | Orc:1    | Entered Level 1 of the Orcish Mines
 26118 | Orc:2    | Entered Level 2 of the Orcish Mines
 26147 | Orc:2    | Found a frozen archway.
 26160 | IceCv    | Entered an ice cave
 27006 | IceCv    | Gained Harm as an ally
 27011 | IceCv    | Your ally Harm died
 27179 | IceCv    | Gained Bogbarth as an ally
 27543 | IceCv    | Got the Guidebook on Frostbite
 27775 | Orc:2    | Found Luaxtuag's Antique Weapon Boutique.
 27814 | Orc:2    | Noticed Rupert
 27819 | Orc:2    | Paralysed by Rupert for 5 turns
 27823 | Orc:2    | Killed Rupert
 27827 | Orc:2    | Bought a crude mace for 200 gold pieces
 27827 | Orc:2    | Identified the +1 mace of Tunuatzu {freeze, rC+} (You
                  | bought it in a shop on level 2 of the Orcish Mines)
 27827 | Orc:2    | Bought a slimy morningstar for 225 gold pieces
 27827 | Orc:2    | Identified the +5 morningstar "Piwk" {holy, MP+9 Dex+2}
                  | (You bought it in a shop on level 2 of the Orcish Mines)
 27918 | Orc:2    | Found Onaor's Jewellery Boutique.
 27996 | Orc:2    | Bought a +6 ring of strength for 576 gold pieces
 28069 | Orc:2    | Found Mimi's General Store.
 28072 | Orc:2    | Found a staircase to the Elven Halls.
 28162 | Orc:2    | Bought a potion of heal wounds for 55 gold pieces
 28162 | Orc:2    | Bought a potion of heal wounds for 55 gold pieces
 28336 | Orc:2    | Noticed an orc warlord
 28337 | Orc:2    | Found Soiwu's Antique Armour Boutique.
 28344 | Orc:2    | Your ally Bogbarth died
 28348 | Orc:2    | Killed an orc warlord
 28626 | Orc:2    | Bought a jade-encrusted plate armour for 756 gold pieces
 28626 | Orc:2    | Identified the +1 plate armour of Cowardice {rF++ rC+ Str+4
                  | Slay-4} (You bought it in a shop on level 2 of the Orcish
                  | Mines)
 28626 | Orc:2    | Bought a ripped robe for 153 gold pieces
 28626 | Orc:2    | Identified the +1 robe "Caschiuf" {Contam rElec rN+} (You
                  | bought it in a shop on level 2 of the Orcish Mines)
 29060 | Shoals:1 | Entered Level 1 of the Shoals
 29564 | Shoals:1 | Reached skill level 15 in Fighting
 29680 | Shoals:1 | Upgraded the game from 0.30-a0-250-g41c1d76940 to
                  | 0.30-a0-297-g0ec75d9ef4
 29769 | Shoals:1 | Reached XP level 15. HP: 121/141 MP: 9/27
 29796 | Shoals:1 | Gained Bogwald as an ally
 29797 | Shoals:1 | Noticed a kraken
 29802 | Shoals:1 | Your ally Bogwald died
 29852 | Shoals:1 | Your ally Hawl died
 29854 | Shoals:1 | Killed a kraken
 29854 | Shoals:1 | Gained Orkwin as an ally
 30446 | Shoals:1 | Found a blossoming altar of Fedhas.
 32430 | D:13     | Noticed Kirke
 32435 | D:13     | Noticed a sphinx
 32451 | D:13     | Your ally Jorge died
 32457 | D:13     | Killed Kirke
 33534 | D:14     | Gained Marbaugh as an ally
 33541 | D:14     | Noticed Josephine
 33557 | D:14     | Killed Josephine
 33558 | D:14     | Reached skill level 5 in Dodging
 34159 | D:14     | Found a gate to the Vaults.
 34764 | D:15     | Entered Level 15 of the Dungeon
 34931 | D:15     | Found an opulent altar of Gozag.
 35264 | D:15     | Found a staircase to the Depths.
 35897 | Shoals:2 | Identified the +4 chain mail of Xom's Hatred {+Inv rCorr
                  | Str+4 Stlth-}
 36556 | Shoals:2 | Your ally Wargrak died
 36562 | Shoals:2 | Your ally Marbaugh died
 36653 | Shoals:2 | Reached XP level 16. HP: 139/151 MP: 7/28
 38262 | Shoals:3 | Reached skill level 1 in Evocations
 38282 | Shoals:3 | Noticed Ilsuiw
 38314 | Shoals:3 | Killed Ilsuiw
 39507 | Shoals:3 | Noticed Polyphemus
 39519 | Shoals:3 | Killed Polyphemus
 39546 | Shoals:3 | Killed Donald
 39909 | Shoals:3 | Found Argus's Dragon-Slaying Spoils.
 40288 | Shoals:4 | Entered Level 4 of the Shoals
 40985 | Shoals:4 | Got the Tractate on Petrified Firn
 41052 | Shoals:4 | Noticed a kraken
 41065 | Shoals:4 | Killed a kraken
 41080 | Shoals:4 | Got a barnacled rune of Zot
 41555 | Shoals:4 | Got the Papyrus of the Unclean Crypt
 41671 | Shoals:4 | Got the Meditations on Arcane Weapons and Evil
 41755 | Shoals:4 | Found Paesop's Magic Scroll Emporium.
 42071 | Shoals:4 | Reached XP level 17. HP: 160/160 MP: 10/30
 43600 | Snake:1  | Entered Level 1 of the Snake Pit
 43645 | Snake:1  | Reached skill level 15 in Armour
 44457 | Snake:1  | Found a runed translucent gate.
 44457 | Snake:1  | Found a runed translucent gate.
 44457 | Snake:1  | Found a runed translucent gate.
 44459 | Snake:1  | Noticed Darkkill's ghost (journeyman HuHu)
 44637 | Snake:2  | Reached skill level 5 in Evocations
 45133 | Snake:2  | Found Buheu's Jewellery Shop.
 45135 | Snake:2  | Found Ocsocwunn's Antique Weapon Shop.
 45135 | Snake:2  | Found Zoheon's Antique Weapon Boutique.
 45139 | Snake:2  | Found Utimela's Armour Boutique.
 45155 | Snake:2  | Identified the +1 ring mail of Itaka {rPois Dex+3}
 45252 | Snake:2  | Got the Atlas of Stones and Bewitchment
 45890 | Snake:3  | Noticed Mara
 45892 | Snake:3  | Noticed Aizul
 45897 | Snake:3  | Noticed meatgazer's illusion
 45905 | Snake:3  | Killed Mara
 45906 | Snake:3  | Killed Aizul
 46223 | Snake:3  | Noticed Vashnia
 46241 | Snake:3  | Killed Vashnia
 46243 | Snake:3  | HP: 6/162 [naga sharpshooter/bolt[Vashnia] (13)]
 46244 | Snake:3  | Shot with a bolt by a naga sharpshooter

Illustrated notes

Levels and vault maps discovered:
D:1:      amcnicky_arrival_single_pillar, layout_basic, grunt_decor_resistance
D:2:      layout_loops_cross, chequers_ecumenical_altar_simple_redux
D:3:      layout_rooms, gammafunk_ghost_arena
D:4:      layout_layer_cave, enter_ossuary_2, serial_shops, nicolae_shop_trees,
          ebering_ghost_rock_garden, hangedman_decor_points
D:5:      layout_basic, minmay_temple_entry_wispy
D:6:      layout_basic
D:7:      layout_loops_cross, gammafunk_temple_overflow_forgotten
D:8:      layout_basic, nicolae_ru_sacrificial_ziggurat, special_room
          [special_room_orc]
D:9:      layout_basic, enter_bailey_3, hellmonk_scale_shop
D:10:     layout_gridville, due_lair_maze_entry_diamond, uniq_maggie,
          uniq_sonja, uniq_amaemon, uniq_fannar, uniq_maurice
D:11:     layout_cave_pools, gammafunk_ghost_berserking_beasts,
          minmay_misc_feat_doors, hangedman_decor_opposing,
          kiku_gazebo_pond_becter
D:12:     layout_long_grid, hiddenorc2_lemuel, zin_statuary, uniq_erolcha
D:13:     layout_loops_cross, uniq_kirke
D:14:     cheibrodos_magma_flow, layout_cave_pools, erik_vaults_1, minivault_26,
          uniq_josephine
D:15:     grunt_enter_depths_hoard, layout_irregular_city,
          nicolae_gozag_seed_capital, solitary_fountain
Lair:1:   layout_loops_ring, uniq_gastronok
Lair:2:   layout_loops_ring, shoals_dummy_entry, guppyfry_snake_entry_garden,
          st_stairs_5, chequers_serial_rivers_large_a,
          nicolae_lair_grove_arrangements, roderic_carrion_pond
Lair:3:   pond_and_an_island_with_a_cottage, layout_loops_ring,
          nicolae_volcano_entry_batcave
Lair:4:   layout_concentric_octagons, chequers_serial_rivers_micro_c,
          st_stairs_11, minmay_lair_oklob_items, dreamdust_deal_with_the_devil,
          amcnicky_mini_pool_medium
Lair:5:   cheibrodos_lair_end_hotspot, layout_small_grid,
          dpeg_slime_entry_enclosed, lemuel_fruit_tree
Shoals:1: layout_shoals, lemuel_oklob_altar
Shoals:2: layout_shoals, nicolae_shoals_water_shrine
Shoals:3: layout_shoals, nicolae_shop_dragon_depot, uniq_donald,
          uniq_polyphemus, uniq_ilsuiw
Shoals:4: shoals_end_hangedman, layout_shoals, shoal_ilsuiw, serial_shops, shop,
          nicolae_shoals_hunting_party
Snake:1:  layout_onion_interference, gammafunk_ghost_necromancy
Snake:2:  layout_misc_corridors, minmay_shoptagon
Snake:3:  layout_onion, chequers_hall_statues_wall_a, hangedman_snake_pattern,
          uniq_mara, uniq_vashnia, uniq_aizul
Orc:1:    layout_diamond_mine, basic_altar, uniq_harold, uniq_snorg
Orc:2:    grunt_orc_gardens, layout_caves, grunt_orc_garden, grunt_orc_garden,
          grunt_orc_garden, grunt_orc_garden, portal_ice_cave_rime, uniq_rupert

Skill      XL: |  1  2  3  4  5  6  7  8  9 10 11 12 13 14 15 16 17 |
---------------+----------------------------------------------------+-----
Fighting       | 4 5 6 7 9 10 11 12 14 15 16 17 | 17.6
Axes           | 5 6 7 8 10 11 12 14 15 16 17 18 19 | 19.1
Invocations    | 2 4 6 8 10 11 12 14 15 16 17 18 19 | 19.1
Armour         | 1 2 4 6 7 9 10 11 12 13 14 15 | 15.4
Spellcasting   | 2 4 5 6 |  6.1
Dodging        | 3 5 7 8 |  8.0
Evocations     | 4 5 |  5.9
Stealth        | |  1.5

Action                   |  1- 3 |  4- 6 |  7- 9 | 10-12 | 13-15 | 16-18 || total
-------------------------+-------+-------+-------+-------+-------+-------++-------
Melee: Hand axe          |    85 |   134 |    45 |       |       |       ||   264
       Punch             |       |     2 |     1 |       |       |       ||     3
       Battleaxe         |       |       |   134 |   260 |   560 |   459 ||  1413
       Headbutt          |       |       |       |    46 |   155 |   119 ||   320
       Unarmed           |       |       |       |       |     2 |       ||     2
Invok: Convert to Beogh  |       |     1 |       |       |       |       ||     1
       Smiting           |       |       |     1 |       |     4 |       ||     5
       Give Item to Name |       |       |       |     4 |     4 |       ||     8
       Recall Orcish Fol |       |       |       |       |    19 |     4 ||    23
       Stop Recall       |       |       |       |       |     1 |       ||     1
       Resurrection      |       |       |       |       |       |     1 ||     1
Evoke: Wand              |       |       |       |       |     4 |     1 ||     5
       Condenser vane    |       |       |       |       |       |     3 ||     3
  Use: Scroll            |     9 |     4 |     4 |     8 |    15 |     3 ||    43
       Potion            |       |     1 |     2 |     4 |    14 |     7 ||    28
 Stab: Sleeping          |     1 |     1 |     2 |       |       |     2 ||     6
       Distracted        |       |       |       |     4 |     3 |     2 ||     9
       Confused          |       |       |       |       |     1 |     4 ||     5
       Petrified         |       |       |       |       |       |     6 ||     6
       Petrifying        |       |       |       |       |       |     1 ||     1
Armor: Robe              |    16 |    21 |    11 |       |       |       ||    48
       Ring mail         |       |       |    41 |     5 |       |       ||    46
       Scale mail        |       |       |       |    99 |   259 |       ||   358
       Chain mail        |       |       |       |       |    33 |   135 ||   168
       Animal skin       |       |       |       |       |       |    37 ||    37
Dodge: Dodged            |    50 |    65 |   124 |   139 |   476 |   246 ||  1100
Block: Other             |       |       |       |       |       |    91 ||    91
       Reflection        |       |       |       |       |       |    18 ||    18

Table legend: (Time is in decaauts)
 A = Elapsed time spent in this place.
 B = Non-inter-level travel time spent in this place.
 C = Inter-level travel time spent in this place.
 D = Time resting spent in this place.
 E = Time spent auto-exploring this place.
 F = Levels seen in this place.
 G = Mean time per level.
                   A        B        C        D        E       F      G
               +--------+--------+--------+--------+--------+-----+--------+
         Total |  47958 |  45827 |   2131 |  24728 |  15945 |  33 | 1453.3 |
       Dungeon |  20881 |  19688 |   1193 |   9406 |   8157 |  15 | 1392.1 |
          Lair |  10140 |   9497 |    643 |   5440 |   3208 |   5 | 2028.0 |
        Shoals |   9319 |   9169 |    150 |   5657 |   2499 |   4 | 2329.8 |
     Snake Pit |   2748 |   2685 |     63 |   1461 |    886 |   3 |  916.0 |
  Orcish Mines |   1501 |   1420 |     81 |    572 |    676 |   2 |  750.5 |
       Ossuary |    542 |    542 |      0 |    338 |     77 |   1 |  542.0 |
        Bailey |    807 |    807 |      0 |    540 |    197 |   1 |  807.0 |
      Ice Cave |   1527 |   1527 |      0 |   1071 |    177 |   1 | 1527.0 |
       Volcano |    489 |    489 |      0 |    240 |     68 |   1 |  489.0 |
               +--------+--------+--------+--------+--------+-----+--------+

Top non-repeatable levels by time:
Shoals:3: 2845 daAuts
Shoals:4: 2573 daAuts
  Lair:1: 2399 daAuts
    D:10: 2298 daAuts
Shoals:2: 2176 daAuts
  Lair:2: 2175 daAuts
  Lair:5: 2121 daAuts
    D:13: 2024 daAuts
    D:12: 1880 daAuts
  Lair:3: 1810 daAuts
    D:11: 1729 daAuts
Shoals:1: 1724 daAuts
     D:5: 1656 daAuts
  Lair:4: 1633 daAuts
     D:8: 1571 daAuts
